AoeStats
← ernesto_flamarique

Black Forest

503125532Analyzed
2v2 RM · 1mo ago on Aug 30, 2026· 57m 9s· 4 players
Game mode
Random Map
Map size
Medium (4 player)
Population
200
Speed
Normal
Resources
Standard
Victory
Conquest
Starting age
Dark Age
Ending age
Imperial Age
RankedLock teamsTeams togetherTeam positionsShared explorationLock speedFull tech treeHidden civsTurbo modeCheats
Victory
Defeat
🇫🇷 Britons · France
534
+24
🇦🇷 Franks · Argentina
487
+25
🇫🇮 Turks · Finland
759
-26
🇭🇺 Huns · Hungary
681
-50
dundergubbe
0:29 Loom
17:40 Feudal Age
27:15 Castle Age
31:05 Double-Bit Axe
31:05 Horse Collar
31:18 Gold Mining
34:26 Imperial Age
33:36 Padded Archer Armor
34:48 Leather Archer Armor
34:29 Fletching
36:17 Thumb Ring
37:36 Bow Saw
37:59 Conscription
ernesto_flamarique
12:22 Feudal Age
12:58 Town Watch
14:32 Wheelbarrow
16:45 Double-Bit Axe
19:49 Horse Collar
29:00 Loom
30:32 Stone Mining
30:34 Gold Mining
34:50 Castle Age
33:41 Forging
33:33 Scale Mail Armor
33:40 Scale Barding Armor
33:36 Padded Archer Armor
35:47 Town Patrol
36:03 Hand Cart
36:34 Bow Saw
36:44 Heavy Plow
37:41 Squires
39:29 Caravan
40:13 Pikeman
40:16 Man-at-Arms
45:10 Long Swordsman
46:52 Thumb Ring
49:27 Fervor
49:41 Sanctity
51:34 Gold Shaft Mining
51:49 Iron Casting
51:08 Fletching
51:35 Chain Mail Armor
51:42 Chain Barding Armor
51:22 Crossbowman
53:50 Leather Archer Armor
58:12 Imperial Age
Sebgir
13:57 Feudal Age
17:21 Wheelbarrow
17:09 Double-Bit Axe
17:08 Horse Collar
17:20 Stone Mining
17:23 Gold Mining
25:55 Castle Age
27:13 Hand Cart
29:16 Bow Saw
29:08 Heavy Plow
29:46 Gold Shaft Mining
29:36 Ballistics
30:56 Caravan
31:22 Fletching
33:30 Husbandry
33:36 Town Watch
35:22 Forging
35:07 Bodkin Arrow
35:11 Murder Holes
34:58 Treadmill Crane
40:11 Imperial Age
41:24 Iron Casting
40:56 Scale Barding Armor
41:21 Siege Engineers
44:20 Chemistry
43:24 Padded Archer Armor
44:29 Cavalier
47:37 Conscription
48:25 Town Patrol
48:38 Masonry
49:31 Blast Furnace
48:32 Bracer
48:53 Chain Barding Armor
48:48 Leather Archer Armor
48:35 Scale Mail Armor
50:31 Architecture
51:13 Two-Man Saw
50:59 Yeomen
55:28 Elite Longbowman
SirParaghe
8:19 Loom
14:48 Feudal Age
15:26 Double-Bit Axe
16:24 Wheelbarrow
15:44 Gold Mining
19:09 Town Watch
20:26 Stone Mining
21:32 Scale Barding Armor
21:38 Forging
25:57 Castle Age
26:35 Arson
27:45 Gold Shaft Mining
27:24 Bow Saw
27:34 Hand Cart
27:23 Town Patrol
27:46 Chain Barding Armor
28:47 Iron Casting
28:35 Squires
29:31 Coinage
28:59 Light Cavalry
30:26 Husbandry
30:14 Gambesons
32:08 Caravan
33:12 Scale Mail Armor
33:54 Fortified Wall
33:42 Murder Holes
38:34 Imperial Age
35:38 Pikeman
37:28 Ballistics
39:57 Arrowslits
40:25 Masonry
40:21 Siege Engineers
39:41 Cavalier
41:00 Plate Barding Armor
41:26 Blast Furnace
40:41 Chain Mail Armor
40:58 Conscription
40:44 Chivalry
41:26 #83
43:21 Hoardings
43:27 Onager
44:08 Elite Throwing Axeman
46:46 Architecture
46:08 Guard Tower
47:29 Chemistry
48:08 Banking
51:36 Plate Mail Armor
51:06 Padded Archer Armor
50:57 Fletching
52:13 Capped Ram
55:04 Paladin
Connection lost

Rejoining the realm…

Still unreachable

The connection could not be restored.

Session expired

The server has moved on; the page needs a fresh start.